 Dungeon Crawl Stone Soup version 0.28.0 (webtiles) character file.

Game seed: 7083197544354068500

3529 jjjjhere the Ogre Mage (level 10, -3/81 HPs)
             Began as an Ogre Conjurer on Feb 12, 2022.
             Was a Believer of Vehumet.
             Slain by Harold (15 damage)
             ... on level 8 of the Dungeon.
             The game lasted 00:27:15 (9113 turns).

jjjjhere the Ogre Mage (Ogre Conjurer)              Turns: 9113, Time: 00:27:16

Health: -3/81      AC:  8    Str: 13    XL:     10   Next: 8%
Magic:  0/23       EV: 10    Int: 23    God:    Vehumet [**....]
Gold:   221        SH:  0    Dex: 19    Spells: 10/27 levels left

rFire   . . .      SeeInvis .   b - +0 hunting sling (venom)
rCold   . . .      Faith    .   (no shield)
rNeg    . . .      Spirit   .   B - +0 steam dragon scales
rPois   .          Reflect  .   (helmet restricted)
rElec   .          Harm     .   C - +1 cloak
rCorr   .          Rampage  .   (gloves unavailable)
Will    +....                   (boots unavailable)
Stlth   ++........              (no amulet)
HPRegen 0.23/turn               F - +6 ring of dexterity
MPRegen 0.18/turn               n - +6 ring of dexterity

@: marked
A: large, unfitting armour, tough skin 1
a: Renounce Religion


You were on level 8 of the Dungeon.
You worshipped Vehumet.
Vehumet was pleased with you.
You visited 2 branches of the dungeon, and saw 9 of its levels.
You also visited: Sewer.

You collected 375 gold pieces.
You spent 154 gold pieces at shops.

Inventory:

Hand Weapons
 a - a +0 spear
 b - a +0 hunting sling of venom (weapon)
 d - a +0 club
Missiles
 h - 30 poisoned darts
 j - 105 stones
 y - 63 sling bullets (quivered ammo)
 H - a throwing net
Armour
 f - a +0 robe
 l - +0 swamp dragon scales
 B - +0 steam dragon scales (worn)
 C - a +1 cloak (worn)
Jewellery
 e - a ring of protection from cold
 n - a +6 ring of dexterity (right hand)
 w - an amulet of guardian spirit
 F - a +6 ring of dexterity (left hand)
Wands
 k - a wand of charming (5)
 m - a wand of digging (4)
 E - a wand of polymorph (14)
Scrolls
 c - a scroll of teleportation
 i - a scroll of vulnerability
 q - 2 scrolls of blinking
 r - a scroll of amnesia
 v - a scroll of summoning {unknown}
 A - a scroll of enchant weapon {unknown}
 G - a scroll of fog
Potions
 g - a potion of mutation
 o - 2 potions of resistance
 p - a potion of heal wounds
 s - 2 potions of curing
 t - a potion of might
 u - a potion of cancellation {unknown}
 x - a potion of magic {unknown}
 z - 2 potions of haste
 D - a potion of flight {unknown}


   Skills:
 - Level 1.7 Dodging
 - Level 1.4 Stealth
 + Level 9.1 Spellcasting
 - Level 8.8 Conjurations
 - Level 4.6 Hexes
 - Level 4.6 Translocations
 + Level 1.2 Ice Magic


You had 10 spell levels left.
You knew the following spells:

 Your Spells              Type           Power      Damage    Failure   Level
a - Magic Dart            Conj           100%       1d8       1%          1
b - Searing Ray           Conj           100%       2d8       1%          2
c - Fulminant Prism       Conj/Hex       20%        3d13      3%          4
d - Iskenderun's Mystic   Conj/Tloc      41%        2d9       3%          4
e - Tukima's Dance        Hex            31%        N/A       2%          3
f - Frozen Ramparts       Ice            32%        1d5       11%         3

Your spell library contained the following spells:

 Spells                   Type           Power      Damage    Failure   Level
 Freeze                   Ice            64%        1d8       3%          1
 Dazzling Flash           Conj/Hex       82%        N/A       1%          3
 Gell's Gravitas          Tloc           31%        N/A       2%          3
 Lesser Beckoning         Tloc           31%        N/A       2%          3
 Teleport Other           Tloc           31%        N/A       2%          3
 Hailstorm                Conj/Ice       33%        3d8       8%          4
 Passage of Golubria      Tloc           31%        N/A       9%          4
 Yara's Violent Unravell  Hex/Tmut       10%        3d6       54%         5


Dungeon Overview and Level Annotations

Branches:
Dungeon (8/15)             Temple (1/1) D:5           Sewer (visited)
   Lair: D:8-11

Altars:
Ashenzari
Dithmenos
Fedhas
Gozag
Hepliaklqana
Makhleb
Nemelex Xobeh
Qazlal
Ru
Sif Muna
Trog
Uskayaw
Vehumet
Yredelemnul
Zin

Shops:
D:6 !

Annotations:
D:8 Harold


Innate Abilities, Weirdness & Mutations

You are too large for most types of armour.
You have tough skin. (AC +1)


Message History

Your +0 short sword hits Harold but does no damage.
The searing ray hits Harold but does no damage.
Harold is moderately wounded.
The wall freezes Harold.
Harold hits you!
Your +0 short sword hits Harold.
The searing ray misses Harold.
The wall freezes Harold.
Harold hits you!
* * * LOW HITPOINT WARNING * * *
Your +0 short sword hits Harold.
The searing ray hits Harold!
Harold is severely wounded.
You finish channelling your searing ray.
The wall freezes Harold.
Harold hits you!
* * * LOW HITPOINT WARNING * * *
You feel much better.
Your +0 short sword hits Harold.
The wall freezes Harold.
Harold gestures at you while chanting. The mark upon you grows brighter.
Casting: Searing Ray (safe; 1% risk of failure)
Confirm with . or Enter, or press ? or * to list all spells.
Aiming: Searing Ray (safe; 1% risk of failure)
Press: ? - help, Shift-Dir - straight line, f/p - Harold
Aim: Harold, wearing a +0 scale mail (severely wounded, ally target, 90% to hit)
The searing ray hits Harold.
Harold is almost dead. (Press . to maintain the ray.)
The wall freezes Harold.
Harold points at you and mumbles some strange words.
The mark upon you grows brighter.
Your +0 short sword hits Harold but does no damage.
The searing ray hits Harold!
Harold is almost dead.
The frozen ramparts melt away.
Harold hits you.
* * * LOW HITPOINT WARNING * * *
Your +0 short sword hits Harold.
The searing ray hits Harold but does no damage.
Harold is almost dead.
Harold hits you!
* * * LOW HITPOINT WARNING * * *
Your +0 short sword hits Harold.
Without enough magic to sustain it, your searing ray dissipates.
Harold hits you!
You die...

#.(.....#
#g#)....#
#...(...# .#
###.......# ..
..........# #.
##.#.##.#.####
#.
#...(..#.(..#
.
###.#@.....(#
# #####
#.#@##....#
#####...#
#......#.###
........###
#...).......
#.#.......#
####......#.
#.#.......#
##.###.#.#
#.#.......#
#...#.#...#.
#.......###
#....#.....#
#####...#
#....#.≈≈≈.#
##.##
#....#≈...≈#


You could see Harold (ally target) and a friendly +0 short sword.

Vanquished Creatures
  Pikel (D:6)
  A wyvern (D:7)
  A dancing weapon (D:7)
  Menkaure (D:6)
  A steam dragon (D:7)
  A water moccasin (D:6)
  Duvessa (D:7)
  2 black bears
  3 ogres
  A necrophage (D:6)
  4 lemures (D:6)
  2 phantoms
  2 kobold brigands
  2 scorpions (D:5)
  A gnoll sergeant (D:8)
  A water moccasin zombie (D:5)
  2 jellies
  Dowan (D:7)
  2 water moccasin skeletons
  A howler monkey (D:5)
  A bullfrog zombie (D:5)
  A gnoll shaman (D:7)
  An orc priest (D:6)
  3 hounds
  A bullfrog skeleton (D:5)
  3 centaur skeletons
  An iguana (D:7)
  2 scorpion zombies (D:5)
  4 orc wizards
  2 killer bee zombies
  A hound skeleton (D:4)
  14 gnolls
  5 adders
  2 river rats (D:3)
  2 white imps
  A worm (D:2)
  3 dart slugs
  12 orcs
  13 ball pythons
  5 bats
  9 endoplasms
  6 giant cockroaches
  9 hobgoblins
  A frilled lizard (D:1)
  8 goblins
  20 kobolds
  13 rats
174 creatures vanquished.

Vanquished Creatures (collateral kills)
  Maggie (D:6)
  An ogre (D:7)
2 creatures vanquished.

Vanquished Creatures (others)
  3 dancing weapons
  10 fulminant prisms
  2 plants (Sewer)
15 creatures vanquished.

Grand Total: 191 creatures vanquished

Notes
Turn   | Place    | Note
-------+----------+-------------------------------------------
     0 | D:1      | jjjjhere the Ogre Conjurer began the quest for the Orb.
     0 | D:1      | Reached XP level 1. HP: 16/16 MP: 3/3
   330 | D:1      | Reached XP level 2. HP: 24/24 MP: 5/5
   470 | D:1      | Learned a level 2 spell: Searing Ray
   616 | D:1      | You fall into a shaft and drop 1 floor!
   760 | D:1      | Reached XP level 3. HP: 31/31 MP: 5/7
  1482 | D:2      | Reached skill level 3 in Spellcasting
  1719 | D:2      | Reached XP level 4. HP: 39/39 MP: 6/8
  1799 | D:3      | Found a shadowy altar of Dithmenos.
  1987 | D:3      | Found a glowing drain.
  2009 | D:3      | Reached skill level 5 in Conjurations
  2022 | Sewer    | Entered a sewer
  2097 | Sewer    | Noticed a kobold brigand
  2127 | Sewer    | Killed a kobold brigand
  2128 | Sewer    | Reached XP level 5. HP: 45/45 MP: 0/10
  2658 | D:3      | Found a faded altar of an unknown god.
  2664 | D:3      | Learned a level 4 spell: Fulminant Prism
  2669 | D:3      | Learned a level 4 spell: Iskenderun's Mystic Blast
  2671 | D:3      | Found a radiant altar of Vehumet.
  2716 | D:3      | Became a worshipper of Vehumet
  2964 | D:4      | Reached XP level 6. HP: 45/53 MP: 2/11
  3034 | D:4      | Found a glowing silver altar of Zin.
  3060 | D:4      | Reached skill level 4 in Spellcasting
  3201 | D:4      | Noticed a black bear
  3214 | D:4      | Killed a black bear
  3215 | D:4      | Reached skill level 1 in Hexes
  3215 | D:4      | Reached skill level 1 in Translocations
  3371 | D:4      | Reached XP level 7. HP: 57/59 MP: 7/13
  3864 | D:4      | Learned a level 3 spell: Tukima's Dance
  3928 | D:5      | Entered Level 5 of the Dungeon
  3983 | D:5      | Reached * piety under Vehumet
  3983 | D:5      | Offered knowledge of Shock by Vehumet.
  4253 | D:5      | Reached skill level 5 in Spellcasting
  4468 | D:5      | Reached XP level 8. HP: 50/67 MP: 2/15
  5012 | D:5      | Found a staircase to the Ecumenical Temple.
  5124 | Temple   | Entered the Ecumenical Temple
  5759 | D:6      | Reached skill level 6 in Spellcasting
  5986 | D:6      | Found a stormy altar of Qazlal.
  6059 | D:6      | Identified the +9 plate armour "Sibowaok" {rC++}
  6061 | D:6      | Noticed Maggie
  6074 | D:6      | HP: 18/67 [Maggie (7)]
  6078 | D:6      | HP: 3/67 [Maggie/bolt of fire (16)]
  6085 | D:6      | HP: 6/67 [Maggie (5)]
  6088 | D:6      | Killed Maggie
  6089 | D:6      | Reached XP level 9. HP: 7/74 MP: 0/19
  6471 | D:6      | Noticed Menkaure
  6476 | D:6      | Killed Menkaure
  6607 | D:6      | Found Moklikh's Distillery.
  6612 | D:6      | Bought a potion of heal wounds for 55 gold pieces
  6612 | D:6      | Bought a potion of heal wounds for 55 gold pieces
  6612 | D:6      | Bought a potion of curing for 33 gold pieces
  6612 | D:6      | Bought a potion of degeneration for 11 gold pieces
  6669 | D:6      | Found a bloodstained altar of Trog.
  6827 | D:6      | Found a hide-covered altar of Uskayaw.
  7133 | D:6      | Noticed Pikel
  7145 | D:6      | Reached skill level 7 in Spellcasting
  7148 | D:6      | Killed Pikel
  7415 | D:7      | Noticed Duvessa
  7416 | D:7      | Noticed Dowan
  7422 | D:7      | Killed Duvessa
  7423 | D:7      | Reached skill level 8 in Spellcasting
  8037 | D:7      | Offered knowledge of Freeze by Vehumet.
  8067 | D:7      | Killed Dowan
  8104 | D:7      | Reached ** piety under Vehumet
  8105 | D:7      | Reached XP level 10. HP: 33/81 MP: 1/22
  8330 | D:7      | Noticed a seven-headed hydra
  8429 | D:7      | Learned a level 3 spell: Frozen Ramparts
  8926 | D:8      | Found a sacrificial altar of Ru.
  8961 | D:8      | Reached skill level 9 in Spellcasting
  8961 | D:8      | Reached skill level 1 in Ice Magic
  9093 | D:8      | Noticed Harold
  9107 | D:8      | HP: 22/81 [Harold (15)]
  9108 | D:8      | HP: 6/81 [Harold (16)]
  9113 | D:8      | Slain by Harold

Illustrated notes

Levels and vault maps discovered:
D:1:      onia_arrival_handbag, layout_basic, minivault_26
D:2:      layout_rooms, hangedman_abyss_or_decor_stabs
D:3:      layout_rooms, lemuel_crystal_altar,
          mainiacjoe_overflow_six_doors_small, portal_sewer_entry_c,
          ebering_ecumenical_altar_mist, corexii_hall_statues_s
D:4:      layout_rooms, old_standard_altar
D:5:      layout_loops_ring, minmay_temple_entry_hall
D:6:      layout_loops_corners, nicolae_qazlal_scattered_showers,
          lightli_temple_of_fire, mainiacjoe_overflow_24_doors, serial_shops,
          shop, chequers_serial_rivers_small_a, uniq_maggie, uniq_menkaure,
          uniq_pikel
D:7:      layout_cave_pools, minmay_crossroads, uniq_duvessa
D:8:      layout_loops_cross, nicolae_ru_awakened_eye, lemuel_tele_altar,
          lair_entry_dummy, nicolae_wwwww, grunt_tough_drop, uniq_harold
Temple:   oiseaux_autumnal_temple

Skill      XL: |  1  2  3  4  5  6  7  8  9 10 |
---------------+-------------------------------+-----
Conjurations   | 4 5 6 7 8 |  8.8
Spellcasting   | 3 4 5 6 8 9 |  9.1
Hexes          | 1 2 4 |  4.6
Translocations | 1 2 4 |  4.6
Ice Magic      | 1 |  1.2
Dodging        | |  1.7
Stealth        | |  1.4

Action                   |  1- 3 |  4- 6 |  7- 9 | 10-12 || total
-------------------------+-------+-------+-------+-------++-------
Melee: Unarmed           |     5 |       |       |       ||     5
       Club              |     3 |       |       |       ||     3
       Spear             |    34 |    20 |       |       ||    54
       Punch             |       |     2 |       |       ||     2
 Fire: Hunting sling     |    26 |    84 |    87 |    22 ||   219
 Cast: Magic Dart        |    33 |    10 |    28 |     7 ||    78
       Searing Ray       |     2 |    16 |    52 |     6 ||    76
       Tukima's Dance    |       |       |     9 |     5 ||    14
       Fulminant Prism   |       |       |     4 |     6 ||    10
       Iskenderun's Myst |       |       |       |     1 ||     1
       Frozen Ramparts   |       |       |       |     1 ||     1
  Use: Potion            |       |     2 |     4 |     1 ||     7
       Scroll            |       |       |    16 |       ||    16
 Stab: Sleeping          |     1 |       |       |       ||     1
Armor: Robe              |    13 |    11 |    22 |       ||    46
       Skin              |       |    18 |       |       ||    18
       Steam dragon scal |       |       |     5 |     3 ||     8
Dodge: Dodged            |    27 |    29 |    36 |     9 ||   101
